 Dungeon Crawl Stone Soup version 0.31.0-12-g77e489cdc1 (webtiles) character file.

Game seed: 16208631005176851322

11518 GeoRichter the Grappler (level 11, -9/97 HPs)
             Began as a Purple Draconian Shapeshifter on Feb 19, 2024.
             Was an Elder of Qazlal.
             Mangled by a blink frog (10 damage)
             ... on level 1 of the Lair of Beasts on Feb 20, 2024.
             The game lasted 00:22:28 (10929 turns).

GeoRichter the Grappler (DrSh)                     Turns: 10929, Time: 00:22:29

Health: -9/97      AC: 11    Str: 20 (21) XL:     11   Next: 50%
Magic:  17/17      EV: 16    Int: 10 (11) God:    Qazlal [****..]
Gold:   506        SH:  5    Dex:  9 (10) Spells: 10/10 levels left

rFire   . .          .
                       - Unarmed
rCold   . . .        v - melded +0 buckler
rNeg    . . .        (body armour unavailable)
rPois   +            (helmet restricted)
rElec   .            (no cloak)
rCorr   .            (no gloves)
SInv    .            (no boots)
Will    +....        u - amulet of faith {!P}
Stlth   +            H - ring of poison resistance
HPRegen 0.36/turn    y - +4 ring of protection
MPRegen 0.15/turn

%: repel missiles, faith
@: flux-form, hasted, glowing, very quick
A: glow, contaminating, breathe power, AC +7, unfitting armour, cold-blooded
a: Breathe Dispelling Energy, Begin Untransformation, Renounce Religion,
Upheaval, Elemental Force


You were on level 1 of the Lair of Beasts.
You worshipped Qazlal.
Qazlal was greatly pleased with you.
You were something dangerously unstable.
You visited 3 branches of the dungeon, and saw 14 of its levels.

You collected 766 gold pieces.
You spent 260 gold pieces at shops.

Inventory:

Hand Weapons
 x - the +3 whip "Regah" {drain, Int+3}
   (You found it on level 6 of the Dungeon)

   Int+3:     It affects your intelligence (+3).
Missiles
 w - 2 throwing nets {!f}
Armour
 v - a +0 buckler (melded)
   (You found it on level 4 of the Dungeon)
 I - an orb of energy
   (You took it off Jeremiah on level 8 of the Dungeon)
 J - a +2 kite shield
   (You found it on level 10 of the Dungeon)
Jewellery
 r - a ring of protection from fire
   (You found it on level 3 of the Dungeon)
 u - an amulet of faith (around neck) {!P}
   (You found it on level 4 of the Dungeon)
 y - a +4 ring of protection (right hand)
   (You found it on level 5 of the Dungeon)
 C - a ring of resist corrosion
   (You found it on level 6 of the Dungeon)
 F - a ring of willpower
   (You found it on level 7 of the Dungeon)
 H - a ring of poison resistance (left hand)
   (You bought it in a shop on level 7 of the Dungeon)
 O - a ring of magical power
   (You found it on level 11 of the Dungeon)
Talismans
 b - a beast talisman
 c - a flux talisman (active)
Wands
 p - a wand of polymorph (11)
   (You found it on level 8 of the Dungeon)
 s - a wand of flame (62)
   (You took it off Natasha on level 3 of the Dungeon)
 D - a wand of paralysis (34)
   (You found it on level 6 of the Dungeon)
 G - a wand of mindburst (11)
   (You found it on level 7 of the Dungeon)
 K - a wand of roots (12)
   (You found it on level 8 of the Dungeon)
Scrolls
 d - 2 scrolls of noise {!r}
 f - 2 scrolls of enchant weapon {unknown}
 h - 3 scrolls of enchant armour
 i - 2 scrolls of vulnerability {!r}
 j - 4 scrolls of teleportation {@r4}
 k - a scroll of torment {unknown}
 m - 2 scrolls of fear
 o - a scroll of blinking {unknown}
 q - 4 scrolls of revelation
 E - 2 scrolls of immolation {unknown}
 N - 2 scrolls of poison {unknown}
Potions
 a - a potion of berserk rage {unknown}
 e - 4 potions of enlightenment
 g - a potion of cancellation {unknown}
 l - a potion of brilliance {unknown}
 n - a potion of ambrosia {unknown}
 t - a potion of attraction {!q}
 z - 2 potions of might {unknown}
 A - 2 potions of haste {@q3}
 B - 3 potions of curing {unknown}
 L - a potion of mutation {unknown}
 M - 3 potions of degeneration {!q}


   Skills:
 - Level 9.1 Fighting
 - Level 1.7 Dodging
 * Level 11.8 Unarmed Combat
 + Level 9.3 Invocations
 - Level 4.0 Evocations
 - Level 7.5 Shapeshifting


You had 10 spell levels left.
You didn't know any spells.
Your spell library contained the following spells:

 Spells                   Type           Power      Damage    Failure   Level
 Vhi's Electric Charge    Tloc/Air       0%         N/A       98%         4
 Arcjolt                  Conj/Air       0%         1d10      100%        5
 Plasma Beam              Fire/Air       0%         2x1d10    100%        6
 Maxwell's Capacitive Co  Air            0%         ∞         100%        8


Dungeon Overview and Level Annotations

Branches:
Dungeon (12/15) Zot: 26942  Temple (1/1) D:4 Zot: 5907    Lair (1/5) D:10 Zot: 5772
    Orc (0/2) D:9

Altars:
Ashenzari
Cheibriados
Dithmenos
Elyvilon
Fedhas
Gozag
Hepliaklqana
Kikubaaqudgha
Makhleb
Nemelex Xobeh
Okawaru
Qazlal
Ru
Sif Muna
Trog
Uskayaw
Vehumet
Wu Jian
Xom
Yredelemnul
Zin
The Shining One

Shops:
D:7 *   D:8 :?

Annotations:
D:7 1 runed translucent door, CapUranus's ghost, novice GrFi
D:10 1 runed translucent door, Peloso's ghost, novice MiFi


Innate Abilities, Weirdness & Mutations

You are something dangerously unstable.
You glow with magical radiation, making you easy to see and hit.
Foes you strike become dangerously contaminated with magical radiation.
You are incapable of wielding weapons or throwing items.
You can breathe bolts of dispelling energy.
Your rich purple scales are hard. (AC +7)
You cannot fit into any form of body armour.
You are cold-blooded and may be slowed by cold attacks.


Message History

The water moccasin is heavily wounded.
You feel sick.
The water moccasin bites you but does no damage.
You barely miss the water moccasin.
Your tail-slap misses the water moccasin.
The water moccasin is heavily wounded.
You feel sick. The water moccasin barely misses you.
The blink frog blinks!
You barely miss the water moccasin.
The water moccasin is heavily wounded.
The water moccasin completely misses you.
The blink frog blinks!
You punch the water moccasin!
The water moccasin glows dangerously bright.
The water moccasin is almost dead.
You feel sick.
You are no longer poisoned.
The water moccasin bites you but does no damage.
The blink frog blinks!
You block the water moccasin's attack.
You punch the water moccasin!
You kill the water moccasin!
Qazlal accepts your kill.
The blink frog blinks! x2
You punch the cane toad!
The cane toad begins to glow.
Your tail-slap misses the cane toad.
The cane toad is lightly wounded.
The blink frog hits you but does no damage.
The cane toad stings you.
* * * LOW HITPOINT WARNING * * *
You hit the cane toad.
The cane toad glows dangerously bright.
The cane toad is moderately wounded.
The blink frog hits you!
* * * LOW HITPOINT WARNING * * *
The cane toad misses you. The blink frog hits you!
* * * LOW HITPOINT WARNING * * *
You hit the cane toad.
The cane toad shudders as magic cascades through it!!
You kill the cane toad!
Qazlal accepts your kill.
The storm surrounding you is now powerful enough to repel missiles.
You will now adapt resistances upon receiving elemental damage.
The blink frog completely misses you.
You feel yourself speed up. You block the blink frog's attack.
The blink frog hits you!
* * * LOW HITPOINT WARNING * * *
Okay, then.
It was a potion of degeneration.
There was something very wrong with that liquid.
You feel weakened.
You feel dopey.
You feel clumsy. The blink frog closely misses you. The blink frog hits you!
You die...

.$.....
#...## #..P#
### #F###
##.# #F##
#..## #..#
#...# #.##
##<.##
#..####...#
#..FpF....##
######.#÷..#
####..###
#....# ###
##...#
##.####...#
#....P###.#
##....# #.#
###..###.##


You could see 2 blink frogs.

Vanquished Creatures
  A fire dragon (D:10)
  A two-headed ogre (D:11)
  A cyclops (D:6)
  2 cane toads (Lair:1)
  Jeremiah (D:8)
  2 komodo dragons (D:10)
  4 trolls
  A blink frog (Lair:1)
  2 shadows (D:10)
  11 yaks (D:10)
  A wyvern (D:8)
  A wraith (D:9)
  2 steam dragons
  3 vampire mosquitoes (D:11)
  Menkaure (D:4)
  2 acid dragons (D:9)
  6 water moccasins
  A sky beast (D:6)
  6 orc warriors
  A black bear (D:6)
  A phantom (D:5)
  4 centaurs
  A kobold brigand (D:7)
  Blork the orc (D:4)
  5 scorpions
  8 bullfrogs
  13 killer bees
  A howler monkey (D:10)
  3 hounds
  7 orc priests
  2 sleepcaps (D:4)
  4 iguanas
  Natasha (thrice) (D:3)
  12 orc wizards
  A scorpion zombie (D:3)
  A hound skeleton (D:3)
  3 gnolls (D:4)
  8 adders
  A shadow imp (D:7)
  2 white imps
  3 dart slugs
  2 ribbon worms (D:4)
  33 orcs
  4 endoplasms
  3 giant cockroaches
  10 goblins
  9 hobgoblins
  10 jackals
  A quokka (D:3)
  8 ball pythons
  A ball python skeleton (D:3)
  3 bats (D:2)
  5 frilled lizards
  8 kobolds
  A quokka skeleton (D:3)
  A quokka zombie (D:3)
  5 rats
238 creatures vanquished.

Vanquished Creatures (others)
  An arcanist (D:6)
1 creature vanquished.

Grand Total: 239 creatures vanquished

Notes
Turn   | Place    | Note
-------+----------+-------------------------------------------
     0 | D:1      | GeoRichter the Draconian Shapeshifter began the quest for
                  | the Orb.
     0 | D:1      | Reached XP level 1. HP: 16/16 MP: 1/1
   148 | D:1      | Reached XP level 2. HP: 17/23 MP: 2/2
   357 | D:1      | Reached XP level 3. HP: 29/29 MP: 3/3
   558 | D:1      | Found a faded altar of an unknown god.
  1467 | D:3      | Noticed Natasha
  1470 | D:3      | Killed Natasha
  1471 | D:3      | Reached XP level 4. HP: 33/37 MP: 4/4
  1500 | D:3      | Noticed a scorpion
  1524 | D:2      | Killed a scorpion
  1525 | D:2      | Reached XP level 5. HP: 37/45 MP: 5/5
  1832 | D:3      | Reached skill level 4 in Unarmed Combat
  1891 | D:3      | Found a radiant altar of Vehumet.
  1991 | D:3      | Noticed Natasha
  2011 | D:3      | Killed Natasha
  2127 | D:3      | Found a hide-covered altar of Uskayaw.
  2224 | D:2      | Reached XP level 6. HP: 39/52 MP: 6/6
  2345 | D:3      | Noticed Natasha
  2378 | D:3      | Killed Natasha
  2491 | D:4      | Found a staircase to the Ecumenical Temple.
  2510 | Temple   | Entered the Ecumenical Temple
  2599 | Temple   | Became a worshipper of Qazlal Stormbringer
  2965 | D:4      | Reached skill level 5 in Shapeshifting
  3070 | D:4      | Your scales start taking on a rich purple colour.
  3070 | D:4      | Reached XP level 7. HP: 56/60 MP: 7/7
  3077 | D:4      | Noticed Blork the orc
  3119 | D:4      | Killed Blork the orc
  3120 | D:4      | Reached skill level 5 in Unarmed Combat
  3168 | D:4      | Reached * piety under Qazlal
  3234 | D:4      | Noticed Menkaure
  3239 | D:4      | Killed Menkaure
  3240 | D:4      | Reached skill level 6 in Unarmed Combat
  3421 | D:5      | Entered Level 5 of the Dungeon
  3712 | D:5      | Reached skill level 1 in Invocations
  3780 | D:5      | Reached skill level 5 in Fighting
  3780 | D:5      | Reached XP level 8. HP: 67/68 MP: 9/9
  4647 | D:6      | Found a broken altar of Ashenzari.
  4653 | D:6      | Reached ** piety under Qazlal
  4668 | D:6      | Found a burning altar of Makhleb.
  4739 | D:6      | Identified the +3 whip "Regah" {drain, Int+3}
  4756 | D:6      | Reached skill level 5 in Invocations
  4865 | D:6      | Noticed a cyclops
  4879 | D:6      | Killed a cyclops
  4885 | D:6      | Reached XP level 9. HP: 41/78 MP: 11/14
  5125 | D:6      | Found a white marble altar of Elyvilon.
  5215 | D:6      | Found a bloodstained altar of Trog.
  5238 | D:6      | Noticed a wizard
  5241 | D:6      | Killed a wizard
  5628 | D:6      | Found an iron altar of Okawaru.
  6022 | D:7      | Found a runed translucent door.
  6022 | D:7      | Noticed CapUranus's ghost (novice GrFi)
  6394 | D:7      | Reached skill level 1 in Evocations
  6426 | D:7      | Found Wiengech's Serpentskin Sales.
  6433 | D:7      | Bought a ring of poison resistance for 260 gold pieces
  6783 | D:8      | Found a shadowy altar of Dithmenos.
  6786 | D:8      | Noticed Jeremiah
  6870 | D:8      | Found Xioppime's Book Shop.
  7033 | D:8      | Killed Jeremiah
  7096 | D:8      | Found Soel's Magic Scroll Emporium.
  7385 | D:8      | Reached *** piety under Qazlal
  7467 | D:8      | Reached skill level 7 in Unarmed Combat
  7619 | D:8      | Found an ornate altar of the Wu Jian Council.
  7770 | D:9      | Reached XP level 10. HP: 67/88 MP: 15/15
  8214 | D:9      | Reached skill level 8 in Unarmed Combat
  8633 | D:9      | Found a staircase to the Orcish Mines.
  8681 | D:10     | Entered Level 10 of the Dungeon
  8804 | D:10     | Found a glowing silver altar of Zin.
  8853 | D:10     | Reached skill level 9 in Unarmed Combat
  9034 | D:10     | Reached **** piety under Qazlal
  9051 | D:10     | Noticed Peloso's ghost (novice MiFi)
  9052 | D:10     | Found a runed translucent door.
  9188 | D:10     | Reached skill level 10 in Unarmed Combat
  9344 | D:10     | Found a staircase to the Lair.
  9351 | D:10     | Reached XP level 11. HP: 88/97 MP: 17/17
  9622 | D:10     | Noticed a fire dragon
  9628 | D:10     | Killed a fire dragon
 10107 | D:11     | Noticed a two-headed ogre
 10111 | D:11     | Killed a two-headed ogre
 10112 | D:11     | Reached skill level 11 in Unarmed Combat
 10636 | D:12     | Noticed a deep elf pyromancer
 10694 | Lair:1   | Entered Level 1 of the Lair of Beasts
 10928 | Lair:1   | HP: 1/97 [blink frog (12)]
 10929 | Lair:1   | Mangled by a blink frog

Illustrated notes

Levels and vault maps discovered:
D:1:      minmay_arrival_loop, layout_rooms, dilly_ecumenical_altar_fadedgnrine
D:2:      layout_loops_corners
D:3:      layout_loops_ring, lemuel_tele_altar, mainiacjoe_overflow_chevrons,
          serial_undead, serial_undead_f, serial_undead_b, serial_undead_c,
          serial_undead_f, uniq_natasha
D:4:      layout_basic, minmay_temple_entry_slanted, minivault_23,
          minmay_misc_feat_encased, minmay_manual_moon, uniq_menkaure,
          uniq_blork_the_orc
D:5:      layout_gridville, hangedman_abyss_or_decor_slice, minivault_1
D:6:      minmay_cornered_nines, layout_layer_cave, okawaru_altar_gauntlet_db,
          chequers_temple_overflow_statue_of_worship, trog_wizard,
          elyvilon_altar_5
D:7:      layout_basic, gammafunk_ghost_grave, guppyfry_shop_venom
D:8:      layout_basic, nicolae_dithmenos_the_darkroom,
          nzn_wu_jian_council_hall, serial_shops, shop, nicolae_stop_n_shop_2,
          uniq_jeremiah
D:9:      layout_loops_ring, orc_0_dummy
D:10:     dragon1_lemuel, layout_basic, zin_academy,
          due_lair_maze_entry_diamond, serial_glass, glass_columns_a,
          glass_columns_b, glass_columns_a, glass_columns_c, glass_columns_a,
          glass_columns_a, hellmonk_ghost_happy_afterlife, minmay_door_square
D:11:     layout_basic
D:12:     layout_cave_pools, nzn_ghost_randoct
Temple:   nicolae_temple_hex_pool
Lair:1:   layout_layer_cave, serial_bayou_pond_c, grunt_megastairs_5

Skill      XL: |  1  2  3  4  5  6  7  8  9 10 11 |
---------------+----------------------------------+-----
Fighting       | 2 3 4 5 6 7 9 |  9.1
Shapeshifting  | 4 5 7 |  7.5
Unarmed Combat | 4 6 7 10 11 | 11.8
Invocations    | 2 6 7 8 9 |  9.3
Evocations     | 4 |  4.0
Dodging        | |  1.7

Action                     |  1- 3 |  4- 6 |  7- 9 | 10-12 || total
---------------------------+-------+-------+-------+-------++-------
  Melee: Unarmed           |   119 |   136 |   338 |   323 ||   916
         Tailslap          |     9 |    19 |    44 |    51 ||   123
         Punch             |     2 |     4 |       |       ||     6
  Throw: Dart              |       |    11 |     5 |       ||    16
 Invoke: Upheaval          |       |       |     1 |     8 ||     9
Ability: Breathe Dispellin |       |       |     3 |       ||     3
  Evoke: Wand              |       |       |     4 |       ||     4
    Use: Scroll            |       |     2 |     7 |       ||     9
         Potion            |       |     1 |     1 |     2 ||     4
   Stab: Distracted        |     1 |       |       |       ||     1
         Sleeping          |     1 |       |       |       ||     1
         Paralysed         |       |       |     8 |       ||     8
 Armour: Skin              |    50 |    77 |   172 |   132 ||   431
  Dodge: Dodged            |    76 |    65 |   126 |   232 ||   499
         Repelled          |       |       |       |     2 ||     2
  Block: Buckler           |       |     4 |    56 |       ||    60
         Other             |       |       |     5 |    44 ||    49
   Form: Flux              |       |       |     1 |       ||     1
